 Dungeon Crawl Stone Soup version 0.26-a0-846-gcc8f1ee719 (webtiles) character file.

Game seed: 213963869454537706

135 mattiecakes the Skirmisher (level 4, -10/42 HPs)
             Began as a Palentonga Fighter on Nov 20, 2020.
             Mangled by Pikel
             ... wielding a +1 whip of electrocution
              (13 damage)
             ... on level 4 of the Dungeon.
             The game lasted 00:03:17 (2451 turns).

mattiecakes the Skirmisher (Palentonga Fighter)     Turns: 2451, Time: 00:03:17

Health: -10/42     AC: 10    Str: 20    XL:     4   Next: 97%
Magic:  0/4        EV:  0    Int:  9    God:
Gold:   137        SH: 13    Dex:  9    Spells: 3/3 levels left

rFire    . . .     SeeInvis +   a - +0 war axe
rCold    . . .     Faith    .   p - +0 tower shield
rNeg     . . .     Spirit   +   o - +0 plate armour
rPois    .         Reflect  .   (no helmet)
rElec    .         Harm     .   (no cloak)
rCorr    .         Rampage  .   u - +0 pair of gloves
MR       .....                  (no barding)
Stlth    ..........             j - amulet of guardian spirit
HPRegen  0.14/turn              (no ring)
MPRegen  0.09/turn              (no ring)

@: mighty, brilliant
A: large, rugged brown scales 3, see invisible, deformed body, roll 1, armoured
tail
a: Rolling Charge


You were on level 4 of the Dungeon.
You visited 1 branch of the dungeon, and saw 4 of its levels.

You collected 137 gold pieces.

Inventory:

Hand Weapons
 a - a +0 war axe (weapon)
Armour
 c - a +0 kite shield
 o - a +0 plate armour (worn)
 p - a +0 tower shield (worn)
 u - a +0 pair of gloves (worn)
Jewellery
 j - an amulet of guardian spirit (around neck)
Wands
 t - a wand of paralysis (10)
Scrolls
 e - 2 scrolls of fog {unknown}
 g - a scroll of identify {unknown}
 i - a scroll of immolation {unknown}
 k - a scroll of fear {unknown}
 m - 2 scrolls of amnesia {unknown}
 n - a scroll of remove curse {unknown}
 q - a scroll of magic mapping {unknown}
 s - a scroll of noise {unknown}
 x - a scroll of teleportation {unknown}
Potions
 b - a potion of resistance {unknown}
 d - a potion of might
 f - 3 potions of ambrosia {unknown}
 h - a potion of brilliance
 l - a potion of lignification {unknown}
 r - a potion of attraction {unknown}
 v - 2 potions of haste {unknown}
 w - 2 potions of invisibility {unknown}


   Skills:
 + Level 3.8 Fighting
 + Level 3.0 Axes
 + Level 3.1 Armour
 + Level 3.2 Shields


You had 3 spell levels left.
You didn't know any spells.
Your spell library was empty.

Dungeon Overview and Level Annotations

Branches:
Dungeon (4/15)
 Temple: D:4-7

Altars:

Annotations:
D:4 Pikel


Innate Abilities, Weirdness & Mutations

You are completely covered in rugged brown scales. (AC +3, +7% HP)
You have supernaturally acute eyesight. (SInv)
Armour fits poorly on your strangely shaped body.
You can roll at nearby foes to attack.
You have a long armoured tail.


Message History

You slash the lemure!
The lemure is severely wounded.
You slash Pikel! Pikel hits you but does no damage.
The lemure hits you but does no damage.
Unknown command.
You slash the lemure!
You kill the lemure!
That felt strangely unrewarding.
Your shield and plate armour prevent you from hitting Pikel.
You block Pikel's attack.
Pikel says, "You'll make a fine lemure."
Pikel hits you but does no damage.
You are electrocuted!!
* * * LOW HITPOINT WARNING * * *
Unknown command.
It was a potion of brilliance.
You feel clever all of a sudden.
Pikel hits you with a +1 whip of electrocution.
* * * LOW HITPOINT WARNING * * *
You are electrocuted!
You die...

### #.. ### #.#
... #.#
#.##.### #
##......#.###.#
#......@K5.....
#.###.###5#####
##.## # #.†.# #
#...#
###.##...##
..........#
.......†..#
###.####..#


You could see Pikel and 2 lemures.

Vanquished Creatures
  A lemure (D:4)
  Crazy Yiuf (D:3)
  6 adders
  An ooze (D:3)
  A worm (D:2)
  A leopard gecko (D:4)
  2 orcs (D:3)
  3 giant cockroaches
  3 hobgoblins
  3 jackals (D:2)
  6 kobolds
  A quokka (D:2)
  4 bats
  2 frilled lizards
  5 goblins
  5 rats
45 creatures vanquished.

Notes
Turn   | Place    | Note
-------+----------+-------------------------------------------
     0 | D:1      | mattiecakes the Palentonga Fighter began the quest for the
                  | Orb.
     0 | D:1      | Reached XP level 1. HP: 20/20 MP: 1/1
   435 | D:1      | Reached XP level 2. HP: 25/27 MP: 2/2
   965 | D:2      | Reached XP level 3. HP: 33/33 MP: 3/3
  1653 | D:2      | Reached XP level 4. HP: 32/40 MP: 4/4
  1923 | D:3      | Found a runed translucent door.
  1924 | D:3      | Noticed Crazy Yiuf
  2271 | D:3      | Killed Crazy Yiuf
  2440 | D:4      | Noticed a lemure
  2442 | D:4      | Noticed a lemure
  2443 | D:4      | Noticed a lemure
  2444 | D:4      | Noticed Pikel
  2450 | D:4      | Killed a lemure
  2451 | D:4      | Mangled by Pikel

Illustrated notes

Levels and vault maps discovered:
D:1:      minmay_arrival_arboretum_small, layout_loops_cross, st_stairs_9,
          grunt_decor_mini_mirrors
D:2:      layout_basic
D:3:      layout_rooms, hangedman_decor_lopped, kennysheep_generic_room_12,
          uniq_crazy_yiuf_cottage
D:4:      layout_loops_ring, grunt_temple_overflow_open,
          nicolae_overflow_hidden_temple, serial_shops, nicolae_shop_stone,
          uniq_pikel

Skill      XL: |  1  2  3  4 |
---------------+-------------+-----
Shields        | 3 |  3.2
Armour         | 3 |  3.1
Axes           | 3 |  3.0
Fighting       | |  3.8

Action                   |  1- 3 |  4- 6 || total
-------------------------+-------+-------++-------
Melee: War axe           |    69 |    71 ||   140
       Tailslap          |     6 |     9 ||    15
  Use: Potion            |       |     2 ||     2
Armor: Scale mail        |    27 |       ||    27
       Plate armour      |    14 |    35 ||    49
Dodge: Dodged            |    17 |       ||    17
Block: Kite shield       |    29 |       ||    29
       Tower shield      |       |    68 ||    68

Table legend: (Time is in decaauts)
 A = Elapsed time spent in this place.
 B = Non-inter-level travel time spent in this place.
 C = Inter-level travel time spent in this place.
 D = Time resting spent in this place.
 E = Time spent auto-exploring this place.
 F = Levels seen in this place.
 G = Mean time per level.
                   A        B        C        D        E       F      G
               +--------+--------+--------+--------+--------+-----+--------+
         Total |   2516 |   2343 |    173 |      0 |   1954 |   4 |  629.0 |
       Dungeon |   2516 |   2343 |    173 |      0 |   1954 |   4 |  629.0 |
               +--------+--------+--------+--------+--------+-----+--------+

Top non-repeatable levels by time:
     D:2: 926 daAuts
     D:1: 859 daAuts
     D:3: 625 daAuts
     D:4: 106 daAuts
